[Event "Italian-ch Teams-B 2022"]
[Site "Montesilvano"]
[Date "2022.04.20"]
[Round "3.1"]
[White "Caprio, Guido"]
[Black "Dardha, Daniel"]
[Result "0-1"]
[ECO "E52"]
[WhiteElo "2426"]
[BlackElo "2541"]
[Annotator "TA"]
[PlyCount "74"]
[EventDate "2022.04.19"]
[EventType "team-tourn"]
[EventCountry "ITA"]
[SourceTitle "playchess.com"]
[Source "ChessBase"]
[SourceQuality "1"]
[TimeControl "40/5400+30:1800+30"]

1. d4 d5 2. c4 e6 3. Nf3 Nf6 4. Nc3 Bb4 5. e3 O-O 6. Bd3 b6 7. O-O dxc4 8. Bxc4 Bb7 9. a3 Bxc3 10. bxc3 c5 11. Qe2 Nbd7 12. Bb2 {[%emt 0:00:31] [#]} Re8 $5 $146 {[%emt 0:05:36][%mdl 8] New and interesting. E52: Nimzo-Indian: Rubinstein: 4...0-0 5 Nf3 d5 6 Bd3 b6.} ({Predecessor:} 12... Qc7 13. Bd3 Be4 14. Bxe4 Nxe4 15. c4 Rfd8 16. Rac1 Qb7 17. Rfd1 Rac8 18. Ba1 h6 19. Qb2 Ndf6 20. Ne5 cxd4 21. exd4 {0-1 (47) Kortschnoj,V (2601)-Xu,J (2589) Mallorca 2004}) 13. Rfd1 Qc7 14. Rac1 Rac8 {[%emt 0:03:59] The position is equal.} 15. h3 e5 16. Ng5 Rf8 17. d5 (17. a4 $11 {keeps the balance.}) 17... h6 {[%emt 0:02:37] [#]} ({Black should try} 17... e4 $1 $17 {White must now prevent ...Ne5.} 18. d6 Qb8) 18. d6 $1 Qb8 $15 19. Nf3 e4 20. Nh4 Ne5 {[%emt 0:00:35] Inhibits Ng6.} 21. Bb5 (21. Nf5 $11) 21... c4 $1 $17 {[%emt 0:05:49] And now ...a6 would win.} 22. Rd4 Rc5 $1 23. a4 Nd3 $1 24. Bxc4 {[%emt 0:04:11] [#]} Rxc4 25. Rxc4 Nxc1 26. Bxc1 Ba6 $1 ({Weaker is} 26... Qxd6 27. Rd4 Qc5 28. Qb5 $15) 27. Ba3 (27. Nf5 $17) 27... Bxc4 $2 (27... Qe8 $1 $19 {and Black stays clearly on top.} 28. d7 Qxd7 29. Bxf8 Kxf8) 28. Qxc4 Qc8 $1 $36 {[%emt 0:00:08][%mdl 2048] Black is really pushing.} 29. Qb3 (29. Qb5 $17) 29... Qe6 $1 $19 30. Qxe6 fxe6 {[%emt 0:00:02][%mdl 4096] Endgame KRN-KBN} 31. Ng6 Rd8 32. Ne5 Nd7 $1 33. Nc6 {[%emt 0:00:14] [#]} Ra8 34. Kh2 Kf7 {[%emt 0:00:19] Hoping for ...a6.} 35. Ne7 $2 (35. a5) 35... Ke8 36. Kg3 (36. c4 $142 Ne5 37. Bb2 Nxc4 38. Bxg7) 36... Ne5 37. Kf4 {[%emt 0:01:10] [#]} Nc4 $1 {[%emt 0:00:18] Weighted Error Value: White=0.55/Black=0.25 (precise)} 0-1

[Event "Italian-ch Teams-B 2022"]
[Site "Montesilvano"]
[Date "2022.04.20"]
[Round "3.2"]
[White "Shytaj, Luca"]
[Black "David, Alberto"]
[Result "1/2-1/2"]
[ECO "A20"]
[WhiteElo "2460"]
[BlackElo "2545"]
[Annotator "TA"]
[PlyCount "58"]
[EventDate "2022.04.19"]
[EventType "team-tourn"]
[EventCountry "ITA"]
[SourceTitle "playchess.com"]
[Source "ChessBase"]
[SourceQuality "1"]
[TimeControl "40/5400+30:1800+30"]

1. g3 e5 2. c4 c6 3. Bg2 Nf6 4. d4 e4 5. Nc3 d5 6. a3 {[%emt 0:01:35] Prevents Bb4. A20: English Opening: 1...e5.} h6 7. f3 exf3 $1 8. Nxf3 {[%emt 0:00:09][%cal Bg1f3,Bf3h4,Bh4f5][%mdl 32] The position is equal.} Be7 9. O-O O-O 10. Nh4 Re8 {[%emt 0:10:50] [#]} (10... dxc4 $11 11. Nf5 Na6) 11. cxd5 $146 ({Predecessor:} 11. Nf5 Bf8 12. g4 Bxf5 13. Rxf5 dxc4 14. e4 Nbd7 15. g5 Nh7 16. gxh6 g6 17. Rf1 {½-½ (42) Grischuk,A (2759)-Caruana,F (2812) Douglas 2019}) 11... cxd5 12. Nf5 Bf8 13. g4 Ne4 {[%emt 0:32:19] Inhibits g5.} 14. Qb3 Nc6 (14... Nxc3 $15 15. bxc3 Be6) 15. e3 (15. Qxd5 Qxd5 16. Nxh6+ (16. Nxd5 Bxf5 17. gxf5 Nxd4 $17) 16... gxh6 $11) (15. Nxe4 $11 dxe4 16. Nxh6+ gxh6 17. Qxf7+ Kh8 18. Bg5 hxg5 19. Qh5+ Kg8 20. Qg6+ Bg7 21. Qf7+ Kh8 22. Qh5+ Kg8 23. Qf7+ Kh8 24. Qh5+ Kg8 25. Qf7+) 15... Nxc3 $15 16. bxc3 Be6 $1 (16... Bxf5 17. gxf5 (17. Rxf5 Qh4 $16) 17... Na5 18. Qxd5 $16) 17. Qxb7 Na5 18. Qa6 ({White should try} 18. Qb1 $15) 18... Rc8 (18... g6 19. Ng3 $15) 19. Rb1 (19. Qxa7 $2 Ra8 20. Qxa8 Qxa8 $19) (19. Qd3 $17) 19... Rxc3 $19 20. Qxa7 (20. Qe2 {might work better.}) 20... Nc4 21. a4 Rc2 {[%emt 0:02:59] Threatens to win with ...Qg5.} 22. e4 $2 (22. Qb7 Qg5 23. h3 Bxf5 24. Rxf5 Rxc1+ 25. Rxc1 Qxe3+ 26. Kh1 Qxc1+ 27. Rf1) 22... dxe4 23. Bxe4 Re2 (23... Ra2 $142 24. g5 Bxf5 25. Rxf5 Kh8) 24. Bf3 {[%emt 0:05:12] [#]} Bd5 $2 (24... Ra2 $1 $19 {...Bxf5 is the strong threat.} 25. Bf4 Nd2 26. Bxd2 Rxd2) 25. Bxe2 Rxe2 26. Rf2 {[%emt 0:00:10] Prevents Rg2+.} Re1+ {[%emt 0:01:42][%mdl 1024] Black has compensation.} 27. Rf1 Re2 (27... Bc6 $1 $15 28. Rxe1 Qd5 29. Ne7+ (29. Re2 $2 {leads to mate.} Qh1+ 30. Kf2 Qg2+ 31. Ke1 Qg1#) 29... Bxe7 30. Qb8+ (30. Rb8+ {is a self mate.} Kh7) 30... Bd8) 28. Rf2 $11 Re1+ (28... Qe8 $5 29. Qb8 Re1+ 30. Rf1 Re2 $11) 29. Rf1 Re2 {[%emt 0:04:04] Weighted Error Value: White=0.57/Black=0.41} (29... Bc6 $5 30. Rxe1 Qd5 31. Ne7+ (31. Re2 $2 {gets mated.} Qh1+ 32. Kf2 Qg2+ 33. Ke1 Qg1#) 31... Bxe7 32. Qb8+ (32. Rb8+ Kh7) 32... Kh7 $17) 1/2-1/2

[Event "Italian-ch Teams-B 2022"]
[Site "Montesilvano"]
[Date "2022.04.20"]
[Round "3.2"]
[White "Favaloro, Andrea"]
[Black "Borgo, Giulio"]
[Result "1/2-1/2"]
[ECO "A04"]
[WhiteElo "2370"]
[BlackElo "2345"]
[Annotator "TA"]
[PlyCount "55"]
[EventDate "2022.04.19"]
[EventType "team-tourn"]
[EventCountry "ITA"]
[SourceTitle "playchess.com"]
[Source "ChessBase"]
[SourceQuality "1"]
[TimeControl "40/5400+30:1800+30"]

1. Nf3 {[%emt 0:00:03] Mekhitarian,K} e6 2. g3 b5 3. e4 Bb7 4. Qe2 c5 5. Bg2 {[%emt 0:00:41] [#]} Qb6 $146 ({Predecessor:} 5... a6 6. O-O Nf6 7. e5 Nd5 8. b3 Nc6 9. Bb2 Be7 10. Nc3 Nxc3 11. dxc3 O-O {0-1 (54) Kramnik,V (2812)-Carlsen,M (2855) Leuven 2016 CBM 173 [Mekhitarian,K]}) 6. O-O {[%emt 0:01:59] A04: Unusual lines after 1 Nf3 and King's Indian Attack.} Be7 7. a4 a6 (7... b4 $1 $11) 8. axb5 $14 axb5 9. Rxa8 Bxa8 10. Na3 c4 11. d3 $36 {[%emt 0:05:32][%mdl 2048] White is in control.} cxd3 12. Qxd3 b4 (12... Nf6 $16) 13. Nc4 $18 Qd8 14. Nd6+ ({White should play} 14. Bf4 $18) 14... Bxd6 $16 15. Qxd6 Bxe4 16. Qxb4 Nf6 17. Bf4 Nc6 18. Qc5 Nd5 (18... h5 $16) 19. Bd6 $18 {[%emt 0:00:56] Threatens to win with Ra1. This bishop pair is nice.} f5 (19... Qb6 $16 {was worth a try.} 20. c4 Qxc5 21. Bxc5 Ndb4) 20. c3 (20. Ra1 $18) 20... Qb6 21. Qa3 Qb7 22. Ra1 {[%emt 0:01:06] Qa8+ is the strong threat.} Nd8 23. c4 Nb6 24. Rc1 (24. Qb3 $16) 24... h6 (24... Nc8 $14 25. Bf4 Nf7) 25. Qc3 Rg8 26. b3 {[%emt 0:02:02] Against Na4. &Bianco is more active.} Nc6 (26... Nf7 $14 27. Bc5 Nc8) 27. b4 (27. Bh3 $18) 27... Nc8 $14 28. Bc5 {[%emt 0:02:16] Weighted Error Value: White=0.23 (precise) /Black=0.29 (precise)} 1/2-1/2

[Event "Italian-ch Teams-B 2022"]
[Site "Montesilvano"]
[Date "2022.04.20"]
[Round "3.2"]
[White "Botta, Massimiliano"]
[Black "Bellini, Fabio"]
[Result "0-1"]
[ECO "B06"]
[WhiteElo "2217"]
[BlackElo "2428"]
[Annotator "TA"]
[PlyCount "74"]
[EventDate "2022.04.19"]
[EventType "team-tourn"]
[EventCountry "ITA"]
[SourceTitle "playchess.com"]
[Source "ChessBase"]
[SourceQuality "1"]
[TimeControl "40/5400+30:1800+30"]

1. e4 g6 2. d4 Bg7 3. Nf3 c6 4. h3 d5 5. e5 f6 6. c4 {[%emt 0:01:54] B06: Modern Defence.} fxe5 7. dxe5 {[%emt 0:02:05] [#]} Nh6 $146 ({Predecessor:} 7... e6 8. Nc3 Ne7 9. Bd3 O-O 10. Qe2 Nd7 11. Bg5 Rxf3 12. Qxf3 Nxe5 13. Qe2 h6 14. Bxe7 Qxe7 {½-½ (41) Sousa,A (2428)-Castillo Dalmau,A (2230) Ciudad Real 2021}) 8. Be2 {[%emt 0:10:55] The position is equal.} Nf7 9. Bf4 e6 10. Nc3 O-O 11. O-O Qe7 12. Re1 ({Much worse is} 12. cxd5 exd5 13. Re1 (13. Qd4 Nd7 $17) 13... Nd7 $11) 12... b6 13. Qa4 ({But not} 13. cxd5 cxd5 14. Rc1 Bb7 $14) (13. Rc1 $16) 13... Bb7 $14 14. Rad1 Nd7 15. cxd5 (15. Bf1 $11) 15... exd5 $15 16. Bf1 Nfxe5 17. Nxe5 Nxe5 18. Bg3 Qg5 19. Kh2 (19. Re3 $15) 19... Nf7 $17 20. Bh4 ({White should play} 20. Kg1) 20... Be5+ 21. Kg1 Qf4 (21... Qh6 $142 22. Be7 Rfe8) 22. Qxf4 Bxf4 23. Re7 Rab8 24. Rde1 Nd6 25. Rd7 Nf5 26. Bd3 $1 Rf7 27. Bxf5 gxf5 28. Ree7 (28. Rxf7 $1 $11 Kxf7 29. Re7+ Kg6 30. Ne2) 28... Rxe7 $15 29. Rxe7 Ba6 {[%emt 0:04:06] aiming for ...d4.} 30. Rxa7 Bc4 {[%emt 0:00:35] White must now prevent ...d4.} 31. Bf6 Re8 32. g4 {[%emt 0:05:08] [#]} (32. g3 $17 {was called for.} Re6 33. gxf4 Rxf6 34. b3 Rg6+ 35. Kh2) 32... fxg4 $1 $19 33. hxg4 {[%emt 0:00:25] [#]} Re6 $1 34. b3 (34. Bd4 $17 {might work better.}) 34... Rxf6 35. bxc4 dxc4 36. Ra6 Be5 37. Ne4 (37. Ne2) 37... Rg6 {[%emt 0:00:10] Weighted Error Value: White=0.27 (precise) /Black=0.09 (flawless)} 0-1

[Event "Italian-ch Teams-B 2022"]
[Site "Montesilvano"]
[Date "2022.04.20"]
[Round "3.3"]
[White "Ortega, Lexy"]
[Black "Socko, Monika"]
[Result "1-0"]
[ECO "D02"]
[WhiteElo "2429"]
[BlackElo "2393"]
[Annotator "TA"]
[PlyCount "107"]
[EventDate "2022.04.19"]
[EventType "team-tourn"]
[EventCountry "ITA"]
[SourceTitle "playchess.com"]
[Source "ChessBase"]
[SourceQuality "1"]
[TimeControl "40/5400+30:1800+30"]

1. d4 Nf6 2. Nf3 e6 3. Bf4 d5 4. e3 c5 5. c3 Bd6 6. Ne5 {[%emt 0:01:36] D02: 1 d4 d5 2 Nf3 sidelines, including 2...Nf6 3 g3 and 2...Nf6 3 Bf4.} O-O 7. Nd2 Qc7 {[%emt 0:01:33] is the new trend.} 8. Bg3 {[%emt 0:11:18] The position is equal.} Nc6 9. f4 Ne4 10. Bd3 f5 11. O-O Bd7 $2 {[%emt 0:02:56] [#]} (11... Qb6 $15 12. Bxe4 fxe4) 12. Bxe4 $146 (12. Nxd7 {feels hotter.} Qxd7 13. Bxe4 fxe4 14. Nxe4 cxd4 15. Nxd6 Qxd6 16. exd4 Qd7 17. Qe2) ({Predecessor:} 12. Bh4 Be8 13. Kh1 Nxe5 14. fxe5 Be7 15. Nxe4 fxe4 16. Rxf8+ Bxf8 17. Be2 Be7 18. Qe1 cxd4 19. exd4 Bxh4 20. Qxh4 {1-0 (66) Derakhshani,B (2353)-Gurel,E (2353) Chess.com INT 2021}) 12... fxe4 13. Nxd7 Qxd7 {[%emt 0:00:03] [#]} 14. Nxe4 $1 dxe4 (14... cxd4 15. Nxd6) 15. dxc5 Rad8 16. cxd6 ({Avoid the trap} 16. Qxd6 $2 Qe8 17. Rad1 (17. Qc7 $2 Rf7 $19) 17... Rxd6 18. cxd6 Qd7 $19) 16... Qxd6 17. Qb3 Rf5 18. Rad1 Rd5 19. f5 Qe7 20. fxe6 Rxd1 21. Rxd1 Rxd1+ 22. Qxd1 Qxe6 23. b3 h6 24. h3 Kh7 25. Kh2 a6 26. Qd6 Qf7 27. c4 h5 (27... Qe7 {was necessary.} 28. Qd5 Nb4 29. Qf5+ Kh8) 28. Qd5 $18 Qe8 29. Bd6 Qg6 30. b4 h4 31. Kh1 Nd8 32. a3 Qe6 33. Bc7 Qxd5 34. cxd5 {[%emt 0:00:01][%cal Bc4d5,Bd5d6][%mdl 4128] Endgame KB-KN} Nf7 {[%emt 0:00:01] [#]} 35. d6 $1 {[%emt 0:01:58] aiming for d7.} Ne5 36. Bd8 Kg6 37. Bxh4 Kf7 38. g4 Ke6 39. Bg3 $2 (39. Kg2 $18) 39... Nc4 $11 40. Bf4 {[%emt 0:00:51] Threatens to win with a4.} Nxa3 41. Be5 Nc2 $2 (41... Kxe5 $2 42. d7 Ke6 43. d8=Q $18) (41... g5 $1 $11 {and Black is okay.}) 42. Bxg7 $18 Nxe3 $2 (42... Kxd6 43. Kg2 Ke6) 43. Kh2 Kxd6 44. Kg3 Nd5 45. h4 Ke6 $2 ({Black should try} 45... Ke7 $18 46. h5 Kf7) 46. h5 b6 $2 (46... Kf7 $16 47. Bd4 Nxb4) 47. Bd4 {[%emt 0:01:33] h6 is the strong threat.} a5 48. h6 {[%emt 0:02:02] White mates.} Ne7 49. bxa5 bxa5 50. h7 Ng6 51. h8=Q Nxh8 52. Bxh8 a4 53. Kf4 Kd5 54. Bb2 {[%emt 0:03:44] Weighted Error Value: White=0.16 (very precise) /Black=0.51} 1-0

[Event "Italian-ch Teams-B 2022"]
[Site "Montesilvano"]
[Date "2022.04.20"]
[Round "3.3"]
[White "Zamengo, Fulvio"]
[Black "Andreoni, Giuseppe"]
[Result "1-0"]
[ECO "B45"]
[WhiteElo "2404"]
[BlackElo "2158"]
[Annotator "TA"]
[PlyCount "83"]
[EventDate "2022.04.19"]
[EventType "team-tourn"]
[EventCountry "ITA"]
[SourceTitle "playchess.com"]
[Source "ChessBase"]
[SourceQuality "1"]
[TimeControl "40/5400+30:1800+30"]

1. e4 c5 2. Nf3 e6 3. d4 cxd4 4. Nxd4 Nf6 5. Nc3 Nc6 6. Nxc6 bxc6 7. e5 Nd5 8. Ne4 Qc7 9. f4 Qb6 10. c4 Bb4+ 11. Ke2 f5 12. Nf2 Ba6 13. Kf3 Ne7 14. Be3 Bc5 15. Bxc5 {[%emt 0:00:06] B45: Sicilian Four Knights.} Qxc5 16. Qa4 Bb7 17. h4 {[%emt 0:04:31] [#] The position is equal.} Qb5 $146 ({Predecessor:} 17... Qb6 18. Qa3 c5+ 19. Kg3 O-O 20. Rd1 Rfd8 21. Be2 Rab8 22. Rd2 Nc6 23. Rd6 Qb4 24. Qxb4 Nxb4 {1-0 (37) Esipenko,A (2716)-Abasov,N (2656) Krasnaya Polyana 2021}) 18. Qa3 $14 c5+ 19. Kg3 Qb6 20. Rh3 a5 21. Rd1 a4 22. Kh2 Bc6 23. Rd2 Kf7 24. Be2 Rhb8 25. Qg3 Qa5 26. Qe3 Rb4 27. h5 a3 28. b3 Rxb3 $1 29. axb3 a2 30. Rd1 {[%emt 0:00:04] [#] aiming for Ra1.} a1=Q 31. Rxa1 Qxa1 32. Nd3 ({White should try} 32. Qxc5 $11 Ra5 33. Qe3) 32... Ra2 $15 33. h6 {[%emt 0:04:05] And now hxg7 would win.} g6 (33... g5 $1 $17 {[%cal Rg5g4] White must now prevent ...g4.} 34. fxg5 (34. Rg3 $2 g4 $19) 34... Ng6) 34. Bf3 $11 Qb1 35. Nxc5 ({White should play} 35. Bxc6 $15 Nxc6 36. Nxc5) 35... Bxf3 $17 36. Rxf3 Ng8 $2 {[%emt 0:00:21][%mdl 8192] [#] This move loses the game for Black.} (36... Ra1 $17 37. Kg3 (37. Nxd7 $2 g5 $19) 37... Qh1) 37. Qd3 {[%emt 0:00:09] White is clearly winning.} Qxd3 38. Rxd3 Nxh6 39. Rxd7+ Kg8 40. Nxe6 Ng4+ 41. Kg3 Ne3 42. Ng5 {[%emt 0:01:42] Weighted Error Value: White=0.19 (very precise) /Black=0.33} 1-0

[Event "Italian-ch Teams-B 2022"]
[Site "Montesilvano"]
[Date "2022.04.20"]
[Round "3.3"]
[White "Trabattoni, Franco"]
[Black "Bifulco, Michel"]
[Result "0-1"]
[ECO "B57"]
[WhiteElo "2230"]
[BlackElo "2274"]
[Annotator "TA"]
[PlyCount "92"]
[EventDate "2022.04.19"]
[EventType "team-tourn"]
[EventCountry "ITA"]
[SourceTitle "playchess.com"]
[Source "ChessBase"]
[SourceQuality "1"]
[TimeControl "40/5400+30:1800+30"]

1. e4 c5 2. Nf3 Nc6 3. d4 cxd4 4. Nxd4 Nf6 5. Nc3 d6 6. Bc4 Qb6 7. Nb3 e6 8. O-O Be7 9. Be3 Qc7 10. f4 a6 11. a3 {[%emt 0:04:16] B57: Classical Sicilian: Sozin with 6...Qb6.} b5 12. Be2 Bb7 13. Bf3 {[%emt 0:00:15] The position is equal.} Rc8 14. Qe2 O-O 15. g4 Nd7 16. g5 Nb6 17. Nd2 {[%emt 0:02:41] Inhibits Nc4.} (17. a4 $15 b4 18. a5 Nxa5 19. Nb5 $1 (19. Nxa5 bxc3 20. b3 Ba8 $11) 19... axb5 20. Nxa5) 17... Na5 $1 $17 18. Bg2 {[%emt 0:16:44] [#]} (18. Kh1 $15) 18... Nac4 $146 ({Predecessor:} 18... Rfe8 19. Rae1 Nac4 20. Nxc4 Nxc4 21. Nd1 e5 22. Qf2 d5 23. fxe5 Nxe5 24. Bd4 dxe4 25. Bxe4 {0-1 (56) Hasan,M (2251)-Das,A (2353) Cochin 2004}) 19. Nxc4 Nxc4 20. Bc1 Rfe8 21. Qg4 {[%emt 0:07:19] [#]} (21. Kh1 $142) 21... Bf8 (21... d5 $142 $1 22. exd5 exd5) 22. Rf3 (22. Ne2 $142) 22... d5 23. Rd3 Qc5+ ({Black should play} 23... Qa5 $19 {And now ...b4 would win.} 24. Rh3 b4) 24. Kf1 Rcd8 25. exd5 (25. e5 $17) 25... exd5 $19 26. Qd1 {[%emt 0:05:11] Prevents Re1+.} Re3 {[%emt 0:00:42] &Nero is much more active.} 27. Bxe3 (27. b3 $15 Rxd3 28. Qxd3) 27... Nxe3+ $17 28. Rxe3 Qxe3 29. Qf3 Qc5 30. Rd1 Re8 {[%emt 0:06:47] Prevents Qe2.} (30... a5 $17 {aiming for ...b4.} 31. Nxd5 Qc4+ 32. Kf2 Bxd5 33. Rxd5 Rxd5 34. Qxd5 Qxf4+ 35. Ke2 Qxh2) 31. Qf2 (31. Qd3 $1 $11) 31... Qc4+ 32. Rd3 Bc5 33. Qh4 (33. Qg3 $17 d4 34. Bxb7 dxc3 35. b3) 33... Ba7 (33... b4 $19 34. axb4 Qxb4) 34. Bf3 $2 (34. Qg3 $17 {nothing else works.}) 34... Qc5 $19 35. Qg3 {[%emt 0:00:53] [#] Against Qg1+} Rd8 $2 ({Better is} 35... Bc8 $1 $19 {[%cal Rc8h3] ( -> ...Bh3+!)} 36. Be2 d4) 36. Qg2 $11 Qc4 (36... Bc8 $5 37. Ne4 Qf8 $15) 37. Qg3 (37. Nxd5 $11 {remains equal.} Bxd5 38. Bxd5 Qxf4+ 39. Qf3 Qxf3+ 40. Bxf3 Rxd3 41. cxd3) 37... Qc5 38. Qg2 Qc4 (38... Bc8 $5 39. Ne4 Qf8 $15) 39. Qg3 Bb8 (39... Kh8 $17) 40. b3 Qc5 $36 {[%emt 0:00:47][%mdl 2048] Black has the initiative.} 41. Kg2 (41. Nxd5 $11 Bxd5 42. Qf2 Qxa3 43. Bxd5 Qc1+ 44. Kg2) 41... Ba7 {[%emt 0:17:23] Hoping for ...Qg1+.} ({Of course not} 41... Qxa3 42. Nxd5 Kh8 43. Qf2 $11) 42. Qe1 {[%emt 0:00:00][%cal Of3d5] Inhibits Qg1+.} Kf8 ({Resist} 42... Qxa3 43. Bxd5 Ba8 44. Bxa8 Rxa8 45. Ne4 $14) 43. b4 Qc8 44. Qd2 Re8 45. Nxd5 Qe6 46. Nc7 $2 (46. Kf1 $15) 46... Qg4+ $1 {[%emt 0:00:20] Weighted Error Value: White=0.65/Black=0.51} 0-1

[Event "Italian-ch Teams-B 2022"]
[Site "Montesilvano"]
[Date "2022.04.20"]
[Round "3.4"]
[White "Mazzilli, Piero"]
[Black "Bolognese, Leonardo"]
[Result "1-0"]
[ECO "D45"]
[WhiteElo "2296"]
[BlackElo "1998"]
[Annotator "TA"]
[PlyCount "39"]
[EventDate "2022.04.19"]
[EventType "team-tourn"]
[EventCountry "ITA"]
[SourceTitle "playchess.com"]
[Source "ChessBase"]
[SourceQuality "1"]
[TimeControl "40/5400+30:1800+30"]

1. d4 d5 2. c4 c6 3. Nf3 Nf6 4. Nc3 e6 5. e3 Nbd7 6. Qc2 b6 7. cxd5 exd5 {[%emt 0:02:20] 7...cxd5 is the fancy move.} 8. Bd3 {[%emt 0:01:33] D45: Semi-Slav: 5 e3.} Be7 9. O-O Bb7 10. b3 {[%emt 0:09:38] White is slightly better.} O-O 11. Bb2 c5 12. Rfd1 cxd4 13. Nxd4 Rc8 14. Qe2 {[%emt 0:09:21] [#] 0x0.00299f40aea5dp-1022s more active pieces.} Bb4 $146 (14... g6 $14) ({Predecessor:} 14... Nc5 15. Bf5 Ra8 16. Rac1 g6 17. Bb1 Bd6 18. Ncb5 Bb8 19. b4 Ne6 20. Nc6 Bxc6 21. Rxc6 a6 {1-0 (31) Takahashi,M (2036)-Akintonde,J (1784) Chess.com INT 2021}) 15. Rac1 ({White should play} 15. Ncb5 $1 $18 ) 15... Qe7 {[%emt 0:04:28] Loses the game.} (15... Rc5 $16) 16. Nf5 $18 Qe6 {[%emt 0:01:10] [#]} 17. Nb5 $1 Nc5 $2 {[%emt 0:01:39] [#]} (17... Bc5 18. b4 Ba6 19. Nxa7 (19. bxc5 Bxb5 20. Bxb5 Qxf5 $16) 19... Rc7 20. Bxa6 Rxa7) 18. Nbd4 $2 (18. Nxg7 $1 Kxg7 19. Nd4) 18... Qd7 (18... Nxd3 {was necessary.} 19. Nxe6 Nxc1 20. Rxc1 (20. Qb5 fxe6 21. Qxb4 Ne2+ 22. Kf1 exf5 $16) 20... Rxc1+ 21. Bxc1 fxe6) 19. Bb5 Qd8 20. a3 {[%emt 0:00:01] Weighted Error Value: White=0.50/Black=0.86} 1-0

[Event "Italian-ch Teams-B 2022"]
[Site "Montesilvano"]
[Date "2022.04.20"]
[Round "3.4"]
[White "Pasini, Nicolo"]
[Black "Altini, Nicola"]
[Result "1/2-1/2"]
[ECO "B30"]
[WhiteElo "2252"]
[BlackElo "2403"]
[Annotator "TA"]
[PlyCount "54"]
[EventDate "2022.04.19"]
[EventType "team-tourn"]
[EventCountry "ITA"]
[SourceTitle "playchess.com"]
[Source "ChessBase"]
[SourceQuality "1"]
[TimeControl "40/5400+30:1800+30"]

1. e4 c5 2. Nc3 Nc6 3. Bb5 Nb8 4. Bf1 Nc6 5. Bb5 Nd4 6. Nf3 e6 7. O-O a6 8. Bd3 Nxf3+ 9. Qxf3 Qc7 {[%emt 1:32:59] B30: Sicilian: 2...Nc6 3 Bb5, lines without ...g6.} 10. b3 Bd6 11. Qh3 Ne7 {[%emt 0:00:00] The position is equal.} 12. Bb2 b5 $1 {[%emt 0:00:00][%mdl 4] is more profitable than 12...Be5 at the moment.} 13. Nd1 c4 14. bxc4 bxc4 15. Be2 Ng6 {[%emt 0:00:00] [#]} 16. f4 $146 ({But not} 16. Bxg7 Nf4 $1 17. Qf3 Rg8 $17) (16. Ne3 $11) ({Predecessor:} 16. Ne3 Nf4 17. Qf3 Bb7 18. Nxc4 Nxe2+ 19. Qxe2 Bxh2+ 20. Kh1 d5 21. exd5 Bxd5 22. Ne3 Bc6 23. f4 Bxf4 24. Nf5 O-O-O 25. Ne7+ Qxe7 26. Rxf4 Qb7 27. Bc3 Rd5 {½-½ (25) Geider,F (2474)-Sadowski,M (2470) ICCF email 2017}) 16... Nxf4 $15 17. Rxf4 Bxf4 18. Bxg7 Rg8 19. Qxh7 {[%emt 0:00:00] [#]} Bxh2+ $1 20. Kf1 $1 {[%emt 0:00:00] [#]} ({Not} 20. Kh1 $2 {[#]} Rxg7 $1 21. Qxg7 Be5 22. Qg8+ Ke7 $19) 20... Rxg7 21. Qxg7 Be5 22. Qg8+ Ke7 23. Rb1 Bb7 24. Qg5+ Bf6 {[%emt 0:00:00] This bishop pair is nice.} 25. Qe3 Be5 (25... Bc6 $5 26. Nf2 Qd6 $15) 26. Qg5+ Bf6 27. Qe3 Be5 {[%emt 0:00:00] Weighted Error Value: White=0.07 (flawless) /Black=0.07 (flawless)} ({Black should try} 27... Rg8 $15) 1/2-1/2

[Event "Italian-ch Teams-B 2022"]
[Site "Montesilvano"]
[Date "2022.04.20"]
[Round "3.4"]
[White "Brociner, Beniamino"]
[Black "Manca, Federico"]
[Result "0-1"]
[ECO "D34"]
[WhiteElo "2155"]
[BlackElo "2370"]
[Annotator "TA"]
[PlyCount "58"]
[EventDate "2022.04.19"]
[EventType "team-tourn"]
[EventCountry "ITA"]
[SourceTitle "playchess.com"]
[Source "ChessBase"]
[SourceQuality "1"]
[TimeControl "40/5400+30:1800+30"]

1. Nf3 d5 2. d4 c5 3. g3 Nc6 4. Bg2 Nf6 5. O-O e6 6. c4 Be7 7. cxd5 exd5 8. Nc3 O-O 9. dxc5 Bxc5 10. Bg5 d4 11. Bxf6 Qxf6 12. Ne4 Qe7 13. Nxc5 Qxc5 14. Qd2 h6 {[%emt 0:19:47] D34: Tarrasch Defence: 6 g3 Nf6 7 Bg2 Be7.} 15. Rfd1 Rd8 $1 16. Qf4 Be6 {[%emt 0:01:46][%cal Bc8e6,Be6f5,Bf5g6][%mdl 32] [#] The position is equal.} 17. Rd2 $146 ({Predecessor:} 17. a3 a5 18. Rac1 Qb6 19. Rd2 Rd5 20. Ne1 Rf5 21. Qe4 Rd8 22. Nd3 Rb5 23. Qh4 {1-0 (41) Socko,B (2646)-Collins,S (2463) Riga 2013}) 17... Rd7 18. g4 Re8 19. g5 hxg5 20. Nxg5 Bf5 21. Rad1 Bg6 22. Qh4 (22. Be4 $11 Bxe4 23. Nxe4) 22... Rde7 $17 23. Bf3 (23. Nf3 $142) 23... Re5 24. Nh3 {[%emt 0:00:32] [#]} Be4 $1 $36 {[%emt 0:02:32][%mdl 2048] Hoping for ...Bxf3. Black is on the roll. &Nero is more active.} 25. Nf4 $2 {[%emt 0:00:58] This costs White the game.} (25. Qg3 $17 {was called for.}) 25... Bxf3 $19 26. exf3 Rg5+ 27. Kh1 $2 (27. Kf1) 27... Qf5 {[%emt 0:00:46] Black is clearly winning.} 28. Rg1 (28. Ng2 $142 f6 29. Rd3) 28... Rxg1+ 29. Kxg1 g5 {[%emt 0:00:29] Weighted Error Value: White=0.65/Black=0.02 (flawless)} 0-1